 Dungeon Crawl Stone Soup version 0.17-a0-968-gf8e1f1d (webtiles) character file.

18 RobertPalmer the Chopper (level 2, -1/27 HPs)
             Began as a Deep Dwarf Fighter on May 9, 2015.
             Slain by Sigmund
             ... wielding a +0 scythe
              (5 damage)
             ... on level 2 of the Dungeon.
             The game lasted 00:01:33 (614 turns).

RobertPalmer the Chopper (Deep Dwarf Fighter)        Turns: 614, Time: 00:01:33

Health: -1/27      AC:  6    Str: 19    XL:     2   Next: 48%
Magic:  2/2        EV:  7    Int:  8    God:
Gold:   46         SH:  9    Dex: 12    Spells: 0 memorised, 1 level left

rFire  . . .     SeeInvis .     a - +0 war axe
rCold  . . .     Clarity  .     b - +0 scale mail
rNeg   . . .     SustAb   .     c - +0 shield
rPois  .         Gourm    .     (no helmet)
rElec  .         Spirit   .     (no cloak)
rCorr  .         Warding  .     (no gloves)
rMut   .         Stasis   .     (no boots)
MR     .....                    (no amulet)
Stlth  ..........               (no ring)
                                (no ring)

@: very slightly contaminated, non-regenerating, invisible, not resistant to
hostile enchantments, extremely unstealthy
A: damage resistance, recharge devices, sense surroundings 1, slow healing 3
a: Device Recharging


You were on level 2 of the Dungeon.
You were not hungry.

You visited 1 branch of the dungeon, and saw 2 of its levels.

You collected 46 gold pieces.

Inventory:

Hand weapons
 a - a +0 war axe (weapon)
Armour
 b - a +0 scale mail (worn)
 c - a +0 shield (worn)
Magical devices
 e - a wand of heal wounds (5)
Scrolls
 i - 4 scrolls of remove curse {unknown}
Potions
 d - a potion of might
Comestibles
 f - a bread ration {@e1}
 g - a meat ration {@e2}
 h - a beef jerky
 l - a slice of pizza


   Skills:
 - Level 2.6 Fighting
 + Level 3.4 Axes
 - Level 3.2 Armour
 - Level 3.2 Shields


You had one spell level left.
You didn't know any spells.

Dungeon Overview and Level Annotations

Branches:
Dungeon (2/15)

Altars:
Ashenzari

Annotations:
D:2 Sigmund


Innate Abilities, Weirdness & Mutations

You are resistant to damage.
You can recharge devices by infusing magical energy.
You passively map a small area around you.
You do not heal naturally.


Message History

There is a stone staircase leading up here.
A quokka comes into view.
The kobold throws a stone.
You block the stone.
Things that are here:
a stone; a spear The kobold throws a stone.
The stone completely misses you.
The kobold throws a stone.
The stone hits you but does no damage.
You see here a stone.
You block the quokka's attack. The kobold hits you but does no damage.
You hit the quokka but do no damage. You closely miss the kobold.
The quokka bites you but does no damage.
The kobold hits you but does no damage. You block the quokka's attack.
You closely miss the quokka. You barely miss the kobold.
You block the quokka's attack. You block the kobold's attack.
You hit the quokka. You miss the kobold. You block the quokka's attack.
You block the kobold's attack.
The quokka twitches its whiskers.
The quokka bites you but does no damage.
You barely miss the quokka.
Your shield prevents you from hitting the kobold.
The quokka bites you but does no damage.
You block the kobold's attack.
The quokka bites you but does no damage.
The kobold hits you with a short sword.
You take 4 damage, and have 21/27 hp.
You hit the quokka.
You kill the quokka!
You hit the kobold. You block the kobold's attack.
You slash the kobold!
You kill the kobold!
No target in view!
No target in view!
i - 4 scrolls labeled CAETUO GAUWAMY (gained 1) Unknown command.
You see here a robe.
Sigmund the Dreaded comes into view.
He is wielding a scythe.
Sigmund shouts!
Unknown command.
Unknown command.
Sigmund gestures at you while chanting. You resist with some effort.
You block Sigmund's attack.
You closely miss Sigmund. Sigmund hits you with a scythe.
You take 4 damage, and have 17/27 hp.
You barely miss Sigmund. Sigmund barely misses you.
You slash Sigmund! You block Sigmund's attack.
Unknown command.
You hit Sigmund. You slash Sigmund! Sigmund barely misses you.
You hit Sigmund but do no damage.
Sigmund flickers, as though insubstantial.
You block Sigmund's attack.
You barely miss Sigmund. Sigmund hits you but does no damage.
You hit Sigmund. Sigmund gestures at you while chanting.
You are confused.
Sigmund closely misses you.
Unknown command.
Unknown command.
Drink which item? (? for menu, Esc to quit)
It was a potion of invisibility.
You fade into invisibility!
You are very lightly contaminated with residual magic.
Drink which item? (? for menu, Esc to quit)
It was a potion of ambrosia.
You are more confused.
You feel invigorated. Sigmund closely misses you.
You regained 3 hp, and now have 20/27 hp.
Unknown command.
Unknown command.
You miss Sigmund. Sigmund hits you but does no damage.
You regained 6 hp, and now have 26/27 hp.
Unknown command.
You completely miss Sigmund. Sigmund closely misses you.
Health restored: 27 You bump into the rock wall.
You're too confused to move!
You feel less invigorated.
Sigmund mumbles some strange words.
Sigmund flickers and vanishes!
Deactivating autopickup; reactivate with Ctrl-A.
You bump into the rock wall.
Something hits you!
You take 8 damage, and have 19/27 hp.
MASSIVE DAMAGE!!
You bump into the rock wall.
You feel less confused. Something hits you but does no damage.
You closely miss something. Something hits you.
You take 4 damage, and have 15/27 hp.
You barely miss something.
You hear some strange, mumbled words.
A puff of flame appears from out of thin air!
The puff of flame hits you!
You take 5 damage, and have 10/27 hp.
You miss something. Something hits you!
* * * LOW HITPOINT WARNING * * *
You take 6 damage, and have 4/27 hp.
MASSIVE DAMAGE!!
You hit something. Something hits you!
You die...

##################
...[.............#
.###############.#
.#.............#.#
.#....########.#@#
.#..#..........#{#
**
.#..############.#
* *
.#................
.......#########.#
*
.......#######*#.#
* .......)......
..# *
.......####### ###
, ......(.....#


There were no monsters in sight!

Vanquished Creatures
  3 bats (D:1)
  2 goblins (D:1)
  3 hobgoblins (D:1)
  2 jackals (D:1)
  A quokka (D:2)
  A ball python (D:1)
  4 kobolds
16 creatures vanquished.

Notes
Turn   | Place    | Note
--------------------------------------------------------------
     0 | D:1      | RobertPalmer, the Deep Dwarf Fighter, began the quest for the Orb.
     0 | D:1      | Reached XP level 1. HP: 20/20 MP: 1/1
    91 | D:1      | Found a shattered altar of Ashenzari.
   100 | D:1      | Reached skill level 3 in Axes
   103 | D:1      | Reached XP level 2. HP: 27/27 MP: 2/2
   587 | D:2      | Noticed Sigmund
   613 | D:2      | HP: 4/27 [something (6)]
   614 | D:2      | Slain by Sigmund

Action                   || total
-------------------------++-------
Melee: War axe           ||    51
  Use: Potion            ||     2

Vault maps used:
D:1:      lightli_arrival_maybe_door_vault, evilmike_ruin_ashenzari
D:2:      uniq_sigmund

Table legend:
 A = Turns spent in this place as a percentage of turns spent in the entire game.
 B = Non-inter-level travel turns spent in this place as a percentage of non-inter-level travel turns spent in the entire game.
 C = Inter-level travel turns spent in this place as a percentage of turns spent in this place.
 D = Turns resting spent in this place as a percentage of non-inter-level travel turns spent in this place.
 E = Turns spent auto-exploring this place as a percentage of non-inter-level travel turns spent in this place.
 F = Non-inter-level travel turns spent in this place divided by the number of levels of this place that you've seen.
                   A       B       C       D       E      F
               +-------+-------+-------+-------+-------+----------------------
         Total | 100.0 | 100.0 |   0.5 |   0.0 |  14.4 |  93.5
       Dungeon | 100.0 | 100.0 |   0.5 |   0.0 |  14.4 |  93.5
               +-------+-------+-------+-------+-------+----------------------

Table legend:
 A = Kills in this place as a percentage of kills in entire the game.
 B = Kills by you in this place as a percentage of kills by you in the entire game.
 C = Kills by friends in this place as a percentage of kills by friends in the entire game.
 D = Other kills in this place as a percentage of other kills in the entire game.
 E = Experience gained in this place as a percentage of experience gained in the entire game.
 F = Experience gained in this place divided by the number of levels of this place that you have seen.
                   A       B       C       D       E      F
               +-------+-------+-------+-------+-------+----------------------
         Total | 100.0 | 100.0 |  -nan |  -nan | 100.0 |  13.0
       Dungeon | 100.0 | 100.0 |  -nan |  -nan | 100.0 |  13.0
               +-------+-------+-------+-------+-------+----------------------
